 Dungeon Crawl Stone Soup version 0.30.1-9-gdf580d7c3d (webtiles) character file.

Game seed: 4011136379299628532

531 KittyFluff the Covered (level 7, -9/44 HPs)
             Began as a Gargoyle Berserker on Oct 10, 2023.
             Was a Priest of Trog.
             Mangled by an ogre
             ... wielding a +0 giant club
              (21 damage)
             ... on level 5 of the Dungeon.
             The game lasted 00:16:24 (3780 turns).

KittyFluff the Covered (Gargoyle Berserker)         Turns: 3780, Time: 00:16:25

Health: -9/44      AC: 14    Str: 23    XL:     7   Next: 24%
Magic:  7/7        EV: 12    Int:  7    God:    Trog [***...]
Gold:   53         SH:  0    Dex: 14    Spells: 6/6 levels left

rFire   . . .        z - +0 lajatang
rCold   + . .        (shield currently unavailable)
rNeg    + . .        q - +0 leather armour
rPois   ∞            o - +0 helmet
rElec   +            (no cloak)
rCorr   .            (no gloves)
SInv    .            A - +4 pair of boots of Grace {-Tele rPois rC+ Dex+5}
Will    .....        (no amulet)
Stlth   +            (no ring)
HPRegen 0.27/turn    (no ring)
MPRegen 0.10/turn

%: no teleportation
@: no status effects
A: sickness immunity, AC +4, negative energy resistance 1, electricity
resistance, torment resistance 1, petrification resistance
a: Renounce Religion, Berserk, Trog's Hand


You were on level 5 of the Dungeon.
You worshipped Trog.
Trog was most pleased with you.
You visited 1 branch of the dungeon, and saw 5 of its levels.

You collected 281 gold pieces.
You spent 228 gold pieces at shops.

Inventory:

Hand Weapons
 a - a +0 mace
 c - a +0 sling
 z - a +0 lajatang (weapon)
Missiles
 e - 4 curare-tipped darts
 k - 11 poisoned darts (quivered)
 y - 5 boomerangs
Armour
 o - a +0 helmet (worn)
 q - a +0 leather armour (worn)
 A - the +4 pair of boots of Grace (worn) {-Tele rPois rC+ Dex+5}
   (You bought it in a shop on level 5 of the Dungeon)

   Dex:       It affects your dexterity (+5).
   rC:        It protects you from cold.
   rPois:     It protects you from poison.
   -Tele:     It prevents most forms of teleportation.
Jewellery
 d - a ring of ice
Wands
 u - a wand of polymorph (5)
 x - a wand of mindburst (23)
Scrolls
 h - a scroll of blinking
 i - 3 scrolls of teleportation {unknown}
 m - a scroll of silence
 n - 2 scrolls of enchant weapon
 v - a scroll of vulnerability {unknown}
 w - a scroll of fear
Potions
 b - 5 potions of curing
 f - 5 potions of attraction
 g - 3 potions of heal wounds
 j - a potion of degeneration {unknown}
 l - a potion of lignification {unknown}
 p - 2 potions of cancellation {unknown}
 r - 3 potions of haste {unknown}
 s - a potion of resistance {unknown}
 t - a potion of berserk rage


   Skills:
 + Level 4.4 Fighting
 + Level 4.6(5.0) Maces & Flails
 * Level 2.8(4.1) Staves
 * Level 4.9 Armour
 + Level 2.8 Dodging


You had 6 spell levels left.
You didn't know any spells.
Your spell library was empty.

Dungeon Overview and Level Annotations

Branches:
Dungeon (5/15)
 Temple: D:4-7

Altars:
Fedhas

Shops:
D:5 [


Innate Abilities, Weirdness & Mutations

You are immune to sickness and miasma.
Your stone body is resilient. (AC +4)
You are immune to poison.
You resist negative energy. (rN+)
You are resistant to electric shocks. (rElec)
You are resistant to unholy torment.
You are immune to petrification.


Message History

There is a stone staircase leading up here.
There is a stone staircase leading up here.
A hound comes into view.
The hound barks!
Found a stone staircase leading down.
The hound closely misses you.
You barely miss the hound.
The hound bites you but does no damage. x2
You slash the hound!
The hound is almost dead.
The hound bites you. x2
You barely miss the hound.
The hound is almost dead.
The hound closely misses you. The hound bites you.
You hit the hound but do no damage.
The hound is almost dead.
The hound closely misses you.
You hit the hound.
You kill the hound!
Trog accepts your kill.
Found a plate armour.
There is a stone staircase leading down here.
You see here a +0 plate armour.
An ogre comes into view. It is wielding a +0 giant club.
The ogre shouts!
The ogre barely misses you.
You barely miss the ogre. The ogre hits you with a +0 giant club!
You barely miss the ogre. You slice the ogre!!
The ogre is severely wounded.
The ogre closely misses you.
You hit the ogre.
The ogre is almost dead.
The ogre completely misses you.
You barely miss the ogre.
The ogre is almost dead.
The ogre hits you with a +0 giant club!!
* * * LOW HITPOINT WARNING * * *
You barely miss the ogre.
The ogre is almost dead.
The ogre hits you with a +0 giant club!!
You die...

#### ##..## #....## ......#
###### ## # ......####
###....#####.# #####
.........#####.....#.....#
#....
........###.........###[.#
##... .#####<##
#....O@....##..# #... #
##..# ###........##..# ##..
##..## ###.......#..# ##.
##..### ####....#..# #.
##.....##### ####....# ##
#..........#### ###......#
###
..............###.....>..#
#..
.##...................##..#
#.. .##.....###........####
#.# #..


You could see an ogre.

Vanquished Creatures
  An ice beast (D:5)
  An ogre (D:5)
  3 hounds (D:5)
  2 iguanas (D:5)
  An orc wizard (D:5)
  7 adders
  A shadow imp (D:5)
  2 white imps (D:5)
  3 ufetubi
  A worm (D:2)
  3 dart slugs
  4 orcs
  3 endoplasms
  6 giant cockroaches
  7 goblins
  6 hobgoblins
  2 jackals (D:1)
  3 quokkas
  4 ball pythons
  11 bats
  5 frilled lizards
  8 kobolds
  5 rats
89 creatures vanquished.

Notes
Turn   | Place    | Note
-------+----------+-------------------------------------------
     0 | D:1      | KittyFluff the Gargoyle Berserker began the quest for the
                  | Orb.
     0 | D:1      | Reached XP level 1. HP: 14/14 MP: 1/1
    89 | D:1      | Reached XP level 2. HP: 15/19 MP: 2/2
   420 | D:1      | Found a faded altar of an unknown god.
   755 | D:1      | Reached XP level 3. HP: 21/23 MP: 3/3
  1003 | D:2      | Reached ** piety under Trog
  1864 | D:3      | Reached XP level 4. HP: 23/28 MP: 4/4
  2105 | D:3      | Found a blossoming altar of Fedhas.
  2732 | D:4      | Reached XP level 5. HP: 33/33 MP: 5/5
  2880 | D:5      | Entered Level 5 of the Dungeon
  3033 | D:5      | Noticed an ogre
  3044 | D:5      | Killed an ogre
  3045 | D:5      | Reached skill level 1 in Staves
  3159 | D:5      | Found Sunilair's Antique Armour Emporium.
  3181 | D:5      | Bought a pair of encrusted boots for 228 gold pieces
  3181 | D:5      | Identified the +4 pair of boots of Grace {-Tele rPois rC+
                  | Dex+5} (You bought it in a shop on level 5 of the Dungeon)
  3225 | D:5      | Reached XP level 6. HP: 27/38 MP: 6/6
  3309 | D:5      | Noticed an ice beast
  3320 | D:5      | Killed an ice beast
  3471 | D:5      | Reached XP level 7. HP: 43/43 MP: 7/7
  3512 | D:5      | Reached *** piety under Trog
  3780 | D:5      | Mangled by an ogre

Illustrated notes

Levels and vault maps discovered:
D:1:      kennysheep_arrival_forest, layout_loops_corners,
          chequers_ecumenical_altar_simple_redux, minmay_pentomino_v4
D:2:      layout_loops_cross
D:3:      layout_basic, marbit_many_paths
D:4:      layout_cave_pools, hangedman_abyss_or_decor_stagger
D:5:      layout_cave_pods, minmay_temple_entry_waves, serial_shops, shop,
          st_stairs_11

Skill      XL: |  1  2  3  4  5  6 |
---------------+-------------------+-----
Armour         | 3 4 |  4.9
Dodging        | 2 |  2.8
Maces & Flails | 4 |  4.6
Fighting       | 4 |  4.4
Staves         | 1 2 |  2.8

Action                     |  1- 3 |  4- 6 |  7- 9 || total
---------------------------+-------+-------+-------++-------
  Melee: Mace              |   142 |    76 |       ||   218
         Punch             |     1 |     2 |       ||     3
         Lajatang          |       |    53 |    42 ||    95
  Throw: Dart              |       |     1 |       ||     1
 Invoke: Berserk           |       |     1 |     1 ||     2
    Use: Scroll            |     7 |     2 |       ||     9
   Stab: Sleeping          |     1 |       |       ||     1
 Armour: Animal skin       |    42 |       |       ||    42
         Leather armour    |    27 |    78 |    31 ||   136
  Dodge: Dodged            |    94 |    97 |    16 ||   207
